 Dungeon Crawl Stone Soup version 0.25-a0-670-g50981ef59b (webtiles) character file.

Game seed: 9396652376779851951, levelgen mode: deterministic

480 sanka the Gouger (level 6, 28/28 HPs)
             Began as a Felid Wanderer on Mar 29, 2020.
             Was an Initiate of Okawaru.
             Quit the game on level 4 of the Dungeon.
             The game lasted 00:08:21 (6289 turns).

sanka the Gouger (Felid Wanderer)                   Turns: 6289, Time: 00:08:22

Health: 28/28      AC:  2    Str: 10    XL:     6   Next: 86%
Magic:  7/7        EV: 20    Int: 13    God:    Okawaru [......]
Gold:   233        SH:  0    Dex: 16    Spells: 5/5 levels left
                                        Lives:  1   Deaths: 1

rFire    . . .     SeeInvis +     - Unarmed
rCold    . . .     Gourm    .   (shield unavailable)
rNeg     . . .     Faith    .   (armour unavailable)
rPois    .         Spirit   .   (helmet unavailable)
rElec    .         Reflect  .   (cloak unavailable)
rCorr    .         Harm     .   (gloves unavailable)
MR       .....                  (boots unavailable)
Stlth    ++........             (no amulet)
HPRegen  0.09/turn              e - ring of attention (curse)
MPRegen  0.10/turn              (no ring)

@: quick
A: very small, no armour, no weapons or thrown items, stealth, claws 1, fangs 3,
see invisible, carnivore, speed 1, shaggy fur 2, slow metabolism 1, sharp paws
a: Renounce Religion


You were on level 4 of the Dungeon.
You worshipped Okawaru.
Okawaru was noncommittal.
You were not hungry.

You visited 2 branches of the dungeon, and saw 6 of its levels.

You collected 233 gold pieces.


Innate Abilities, Weirdness & Mutations

You cannot wear armour.
You are incapable of wielding weapons or throwing items.
Your paws allow you to move quietly. (Stealth)
You have sharp claws.
You have razor-sharp teeth.
You have supernaturally acute eyesight. (SInv)
You are carnivorous and can eat meat at any time.
You cover ground quickly.
You are covered in thick fur. (AC +2)
You have a slow metabolism.
Your sharp claws are effective at attacking unaware monsters.


   Skills:
 - Level 4.0 Fighting
 + Level 4.7 Dodging
 - Level 4.0 Stealth
 * Level 8.8 Unarmed Combat
 + Level 0.9 Invocations


You had 5 spell levels left.
You didn't know any spells.
Your spell library contained the following spells:

 Spells                   Type           Power        Failure   Level  Hunger
 Beastly Appendage        Tmut           #.....       30%         1    ##.....
 Sticks to Snakes         Tmut           #.......     43%         2    ###....
 Spider Form              Tmut/Pois      #.........   67%         3    ####...
 Ice Form                 Ice/Tmut       #.......     97%         4    #####..
 Blade Hands              Tmut           #.........   100%        5    ######.

Inventory:

Jewellery
 e - a cursed ring of attention (left paw)
Wands
 m - a wand of digging (6)
Scrolls
 a - 3 scrolls of fear
 b - 2 scrolls of teleportation {@r4}
 f - a scroll of noise {unknown}
 h - a scroll of blinking
 j - a scroll of remove curse
 o - a scroll of immolation {unknown}
 p - a scroll of amnesia {unknown}
Potions
 c - a potion of berserk rage {unknown}
 i - a potion of ambrosia {unknown}
 k - a potion of brilliance {unknown}
 n - 2 potions of magic {unknown}
Comestibles
 d - 8 rations

Dungeon Overview and Level Annotations

Branches:
Dungeon (5/15)             Temple (1/1) D:4

Altars:
Ashenzari
Cheibriados
Dithmenos
Elyvilon
Fedhas
Gozag
Hepliaklqana
Makhleb
Nemelex Xobeh
Okawaru
Qazlal
Ru
Sif Muna
Trog
Uskayaw
Vehumet
Wu Jian
Xom
Yredelemnul
Zin
The Shining One

Annotations:
D:4 Menkaure

▒▒▒▒▒▒▒▒▒▒▒▒▒▒..▒▒▒
▒........ ▒........
▒▒▒▒▒▒▒▒▒▒▒▒..▒▒▒▒▒
▒......▒..▒▒..▒▒▒▒▒
▒......▒.......▒...
▒......▒.......▒...
▒......▒▒'▒▒..▒▒+▒▒
▒.h........▒..▒▒..▒
▒..........▒.......
▒..........▒.......
▒..........'....<..
▒..........▒.▒▒▒▒▒▒
▒....▒▒▒▒▒▒▒▒▒<....
▒....▒ ▒..[>.
▒....▒ ▒.....
▒....▒ ▒....8


There were no monsters in sight!


Message History

Menkaure sighs, "Let me perform the rites..."
Menkaure calls on the powers of darkness!
The hound convulses!
Your body is wracked with pain!
* * * LOW HITPOINT WARNING * * *
There is an open door here.
Menkaure calls on the powers of darkness!
The hound convulses!
You feel a surge of unholy energy. The hound completely misses you.
Menkaure calls on the powers of darkness!
The hound convulses!
You feel a surge of unholy energy. The hound barely misses you.
There is an open door, spattered with blood here.
The hound closely misses you.
Menkaure calls on the powers of darkness!
The hound convulses!
Your body is wracked with pain!
* * * LOW HITPOINT WARNING * * *
The hound misses you.
There is a stone staircase leading down here.
The hound misses you.
There is a stone staircase leading down here.
The hound bites you.
You stop descending the stairs.
You die...
You are now level 6!
You rejoin the land of the living...
Are you sure you want to abandon this character and quit the game? (Confirm with "yes".)

Action                   |  1- 3 |  4- 6 |  7- 9 || total
-------------------------+-------+-------+-------++-------
Melee: Unarmed           |   128 |   108 |    38 ||   274
       Bite              |     6 |    13 |     3 ||    22
       Punch             |     2 |     5 |     4 ||    11
Invok: Heroism           |       |       |     1 ||     1
  Use: Potion            |       |     3 |     1 ||     4
       Scroll            |       |       |     3 ||     3
 Stab: Sleeping          |     6 |     1 |     1 ||     8
       Distracted        |     2 |       |       ||     2
  Eat: Chunk             |    10 |     5 |     1 ||    16
Armor: Skin              |     6 |     1 |       ||     7
Dodge: Dodged            |    67 |    59 |    38 ||   164

Levels and vault maps discovered:
D:1:      ebering_trefoil_3fold, layout_basic
D:2:      layout_loops_corners
D:3:      layout_loops_corners
D:4:      layout_gridville, minmay_temple_entry_wispy,
          minmay_misc_feat_four_crosses, uniq_edmund, uniq_sigmund, uniq_duvessa
D:5:      layout_layer_cave, first_ration, grunt_ministairs_2,
          nicolae_zen_rock_garden, uniq_menkaure
Temple:   kilobyte_greek_temple

Notes
Turn   | Place    | Note
-------+----------+-------------------------------------------
     0 | D:1      | sanka the Felid Wanderer began the quest for the Orb.
     0 | D:1      | sanka set off with the following items: 2 scrolls of fear,
                  | a scroll of teleportation {@r4}, a potion of lignification
                  | {!q}, a ration
     0 | D:1      | Reached XP level 1. HP: 11/11 MP: 2/2
   182 | D:2      | Reached skill level 3 in Stealth
   215 | D:1      | Reached XP level 2. HP: 12/15 MP: 3/3
   611 | D:1      | Reached XP level 3. HP: 15/18 MP: 4/4
  1645 | D:2      | Reached skill level 5 in Unarmed Combat
  1890 | D:2      | Reached skill level 4 in Stealth
  2499 | D:3      | Reached XP level 4. HP: 22/22 MP: 5/5
  2677 | D:3      | HP: 3/33 [poisoned by a kobold]
  3603 | D:4      | Noticed Sigmund
  3616 | D:4      | Killed Sigmund
  3616 | D:4      | Reached skill level 6 in Unarmed Combat
  3616 | D:4      | Reached XP level 5. HP: 15/25 MP: 6/6
  3749 | D:4      | Noticed an ogre
  3932 | D:4      | Reached skill level 7 in Unarmed Combat
  3932 | D:4      | Gained mutation: You are covered in thick fur. (AC +2)
                  | [Felid growth]
  3932 | D:4      | Reached XP level 6. HP: 21/28 MP: 7/7
  4018 | D:4      | Reached skill level 1 in Dodging
  4203 | D:4      | Reached skill level 2 in Dodging
  4652 | D:4      | Found a staircase to the Ecumenical Temple.
  4675 | Temple   | Entered the Ecumenical Temple
  4783 | Temple   | Became a worshipper of Warmaster Okawaru
  4890 | D:4      | Reached skill level 3 in Dodging
  4890 | D:4      | Reached XP level 7. HP: 20/32 MP: 8/8
  5025 | D:4      | Noticed Edmund
  5030 | D:4      | Killed Edmund
  5030 | D:4      | Reached skill level 8 in Unarmed Combat
  5099 | D:4      | Noticed Duvessa
  5099 | D:4      | Identified a +2 robe of the Archmagi
  5099 | D:4      | Noticed Dowan
  5126 | D:4      | Killed Duvessa
  5126 | D:4      | Reached skill level 4 in Dodging
  5128 | D:4      | Killed Dowan
  5128 | D:4      | Reached * piety under Okawaru
  5685 | D:5      | Entered Level 5 of the Dungeon
  6220 | D:5      | Noticed Menkaure
  6253 | D:4      | HP: 3/32 [??? (1)]
  6259 | D:4      | HP: 3/32 [??? (1)]
  6277 | D:4      | HP: 3/32 [??? (1)]
  6288 | D:4      | Slain by a hound
  6289 | D:4      | Reached XP level 6. HP: 0/28 MP: 7/7
  6289 | D:4      | Quit the game

Vanquished Creatures
  Sigmund (D:4)
  Edmund (D:4)
  Duvessa (D:4)
  A phantom (D:5)
  An ogre (D:4)
  Dowan (D:4)
  A hound (D:4)
  An orc priest (D:4)
  An orc wizard (D:4)
  An iguana (D:4)
  4 worker ants (D:4)
  2 adders
  An ooze (D:3)
  An adder zombie (D:5)
  A worm (D:5)
  2 dart slugs (D:2)
  2 leopard geckos (D:3)
  8 orcs (D:4)
  3 giant cockroaches
  6 goblins
  17 hobgoblins
  6 jackals
  2 quokkas
  8 bats
  4 frilled lizards
  A jackal skeleton (D:4)
  12 kobolds
  A quokka skeleton (D:5)
  A quokka zombie (D:5)
  4 rats (D:1)
96 creatures vanquished.
